AA
OKLAHOMA CITY 89ERS @ OMAHA STORM CHASERS
07/24/1982
 
TOP OF THE 1ST
Oklahoma City 89ers batting - Pitching for Omaha Storm Chasers : LHP Neal Heaton
Pitching: LHP Neal Heaton
Batting: RHB John Christensen 0-0: Ball
1-0: Foul Ball, location: 2F
1-1: Swinging Strike
1-2: Foul Ball, location: 2F
1-2: Ground out 5-3 (Groundball, 56, EV 81.3 MPH)
Batting: RHB Tim Tolman 0-0: Ground out 5-3 (Groundball, 56S, EV 85.6 MPH)
Batting: RHB Cecil Fielder 0-0: Ball
1-0: Ball
2-0: Called Strike
2-1: Foul Ball, location: 2F
2-2: SINGLE (Flyball, 7LS, EV 88.1 MPH)
Batting: RHB Glenn Braggs 0-0: Ball
1-0: Called Strike
1-1: Ball
2-1: Foul Ball, location: 2F
2-2: Ball
3-2: Ground out 6-3 (Groundball, 56D, EV 97.5 MPH)
Top of the 1st over - 0 runs, 1 hit, 0 errors, 1 left on base; Oklahoma City 0 - Omaha 0
BOTTOM OF THE 1ST
Omaha Storm Chasers batting - Pitching for Oklahoma City 89ers : RHP Mike Mendoza
Pitching: RHP Mike Mendoza
Batting: RHB Jay Schellin 0-0: Ball
1-0: Ball
2-0: Ball
3-0: Called Strike
3-1: Called Strike
3-2: Foul Ball, location: 2F
3-2: Base on Balls
Batting: SHB Rafael Landestoy 0-0: Ball
1-0: Fly out, F8 (Flyball, 8LS, EV 84.4 MPH)
Batting: RHB Don Money 0-0: Called Strike
0-1: Ball
1-1: Ball
2-1: Ball
3-1: Called Strike
3-2: Strikes out looking
Jay Schellin steals 2nd base (no throw)
Batter strikes out.
Batting: LHB Mike LaValliere 0-0: Ball
1-0: Foul Ball, location: 2F
1-1: Called Strike
1-2: Foul Ball, location: 2F
1-2: Strikes out looking
Bottom of the 1st over - 0 runs, 0 hits, 0 errors, 1 left on base; Oklahoma City 0 - Omaha 0
TOP OF THE 2ND
Oklahoma City 89ers batting - Pitching for Omaha Storm Chasers : LHP Neal Heaton
Batting: LHB Tom O'Malley 0-0: Ball
1-0: Called Strike
1-1: Ball
2-1: Ground out 4-3 (Groundball, 34D, EV 84.4 MPH)
Batting: RHB Nick Esasky 0-0: Called Strike
0-1: SOLO HOME RUN (Flyball, 7D, EV 96.9 MPH), Distance : 391 ft
Batting: RHB Joe Redfield 0-0: Swinging Strike
0-1: Ground out 6-3 (Groundball, 6, EV 95.6 MPH)
Batting: RHB Danny Jasso 0-0: Called Strike
0-1: Foul Ball, location: 2F
0-2: Ground out 5-3 (Groundball, 56, EV 92.5 MPH)
Top of the 2nd over - 1 run, 1 hit, 0 errors, 0 left on base; Oklahoma City 1 - Omaha 0
BOTTOM OF THE 2ND
Omaha Storm Chasers batting - Pitching for Oklahoma City 89ers : RHP Mike Mendoza
Batting: RHB Eddie Gates 0-0: Swinging Strike
0-1: Hit by Pitch
Batting: LHB Donald Elliott 0-0: Foul Ball, location: 2F
0-1: Ball
1-1: Ball
2-1: DOUBLE (Flyball, 8RXD, EV 95.6 MPH)
Eddie Gates to third
Batting: SHB Larry Bowa 0-0: Ball
1-0: Ball
2-0: Ball
3-0: Called Strike
Passed Ball!
Eddie Gates scores
Donald Elliott to third
3-1: Called Strike
3-2: Base on Balls
Batting: RHB Mike Allport 0-0: SINGLE (Groundball, 34D, EV 98.1 MPH)
Donald Elliott scores
Larry Bowa to second
Runner from 2nd tries for 3rd, SAFE, throw by RF made to third
Batting: RHB Odie Davis 0-0: Ball
1-0: SINGLE (Groundball, 4D, EV 106.9 MPH)
Larry Bowa scores
Mike Allport to second
Runner from 2nd tries for 3rd, SAFE, throw by CF made to third
Batting: RHB Jay Schellin 0-0: Ball
1-0: Ball
2-0: Called Strike
2-1: Ball
3-1: Foul Ball, location: 2F
3-2: Base on Balls
Odie Davis to second
Batting: SHB Rafael Landestoy 0-0: Ball
1-0: Fly out, F9 (Flyball, 9LS, EV 78.8 MPH)
Runner from 3rd tags up, SCORES, throw by RF
Odie Davis to third
Batting: RHB Don Money 0-0: Called Strike
Jay Schellin steals 2nd base
0-1: Ball
1-1: Ball
2-1: Hit by Pitch
Batting: LHB Mike LaValliere 0-0: Fly out, F8 (Flyball, 8LD, EV 96.9 MPH)
Runner from 3rd tags up, SCORES, no throw by CF
Batting: RHB Eddie Gates 0-0: Ball
1-0: SINGLE (Groundball, 56D, EV 110.0 MPH)
Jay Schellin to third
Don Money to second
Runner from 3rd tries for Home, SAFE, throw by LF to home
Pitching: RHP Freddy Guerrero
Batting: LHB Donald Elliott 0-0: Ground out 4-3 (Groundball, 4, EV 106.3 MPH)
Bottom of the 2nd over - 6 runs, 4 hits, 0 errors, 2 left on base; Oklahoma City 1 - Omaha 6
TOP OF THE 3RD
Oklahoma City 89ers batting - Pitching for Omaha Storm Chasers : LHP Neal Heaton
Batting: RHB Ron Tingley 0-0: Called Strike
0-1: Foul Ball, location: 2F
0-2: Ball
1-2: Strikes out swinging
Batting: RHB John Christensen 0-0: Fly out, F8 (Line Drive, 8LM, EV 106.3 MPH)
Batting: RHB Tim Tolman 0-0: Foul Ball, location: 2F
0-1: Ground out 4-3 (Groundball, 4S, EV 80.6 MPH)
Top of the 3rd over - 0 runs, 0 hits, 0 errors, 0 left on base; Oklahoma City 1 - Omaha 6
BOTTOM OF THE 3RD
Omaha Storm Chasers batting - Pitching for Oklahoma City 89ers : RHP Freddy Guerrero
Batting: SHB Larry Bowa 0-0: Foul Ball, location: 2F
0-1: Foul Ball, location: 2F
0-2: Foul Ball, location: 2F
0-2: Ground out 3-1 (Groundball, 34, EV 102.5 MPH)
Batting: RHB Mike Allport 0-0: Ball
1-0: Ball
2-0: Ground out 5-3 (Groundball, 5, EV 111.9 MPH)
Batting: RHB Odie Davis 0-0: Called Strike
0-1: Ball
1-1: Ball
2-1: Foul Ball, location: 2F
2-2: Strikes out swinging
Bottom of the 3rd over - 0 runs, 0 hits, 0 errors, 0 left on base; Oklahoma City 1 - Omaha 6
TOP OF THE 4TH
Oklahoma City 89ers batting - Pitching for Omaha Storm Chasers : LHP Neal Heaton
Batting: RHB Cecil Fielder 0-0: Called Strike
0-1: Ball
1-1: Foul Ball, location: 2F
1-2: Ground out 4-3 (Groundball, 4MS, EV 66.9 MPH)
Batting: RHB Glenn Braggs 0-0: Called Strike
0-1: Foul Ball, location: 2F
0-2: Strikes out swinging
Batting: LHB Tom O'Malley 0-0: Called Strike
0-1: Fly out, F7 (Flyball, 7LM, EV 89.4 MPH)
Top of the 4th over - 0 runs, 0 hits, 0 errors, 0 left on base; Oklahoma City 1 - Omaha 6
BOTTOM OF THE 4TH
Omaha Storm Chasers batting - Pitching for Oklahoma City 89ers : RHP Freddy Guerrero
Batting: RHB Jay Schellin 0-0: Called Strike
0-1: Foul Ball, location: 2F
0-2: Foul Ball, location: 2F
0-2: Ball
1-2: Ball
2-2: Strikes out looking
Batting: SHB Rafael Landestoy 0-0: Ball
1-0: Ball
2-0: Ball
3-0: Base on Balls
Batting: RHB Don Money 0-0: Called Strike
0-1: Ball
1-1: Fly out, F9 (Flyball, 9LS, EV 88.8 MPH)
Batting: LHB Mike LaValliere 0-0: Ball
1-0: Ball
2-0: Foul Ball, location: 2F
2-1: Fly out, F8 (Line Drive, 8LD, EV 91.3 MPH)
Bottom of the 4th over - 0 runs, 0 hits, 0 errors, 1 left on base; Oklahoma City 1 - Omaha 6
TOP OF THE 5TH
Oklahoma City 89ers batting - Pitching for Omaha Storm Chasers : LHP Neal Heaton
Batting: RHB Nick Esasky 0-0: Swinging Strike
0-1: Ball
1-1: Ball
2-1: Swinging Strike
2-2: DOUBLE (Flyball, 78XD, EV 101.3 MPH)
Batting: RHB Joe Redfield 0-0: Foul Ball, location: 2F
0-1: Ball
1-1: Foul Ball, location: 2F
1-2: Ground out 6-3 (Groundball, 6S, EV 85.0 MPH)
Nick Esasky to third
Batting: RHB Danny Jasso 0-0: Ball
1-0: Foul Ball, location: 2F
1-1: Ball
2-1: Ball
3-1: Foul Ball, location: 2F
3-2: Ground out 5-3 (Groundball, 56, EV 78.8 MPH)
Nick Esasky scores
Batting: RHB Ron Tingley 0-0: Ball
1-0: Fly out, F3 (Popup, 3, EV 75.6 MPH)
Top of the 5th over - 1 run, 1 hit, 0 errors, 0 left on base; Oklahoma City 2 - Omaha 6
BOTTOM OF THE 5TH
Omaha Storm Chasers batting - Pitching for Oklahoma City 89ers : RHP Freddy Guerrero
Batting: RHB Eddie Gates 0-0: Called Strike
0-1: Ball
1-1: Swinging Strike
1-2: Strikes out swinging
Batting: LHB Donald Elliott 0-0: Ball
1-0: Called Strike
1-1: Foul Ball, location: 2F
1-2: Ball
2-2: Fly out, F8 (Flyball, 8LXD, EV 93.1 MPH)
Batting: SHB Larry Bowa 0-0: Ground out U3 (Groundball, 3, EV 81.3 MPH)
Bottom of the 5th over - 0 runs, 0 hits, 0 errors, 0 left on base; Oklahoma City 2 - Omaha 6
TOP OF THE 6TH
Oklahoma City 89ers batting - Pitching for Omaha Storm Chasers : LHP Neal Heaton
Batting: RHB John Christensen 0-0: Foul Ball, location: 2F
0-1: Ball
1-1: Swinging Strike
1-2: Ball
2-2: Foul Ball, location: 2F
2-2: Strikes out swinging
Batting: RHB Tim Tolman 0-0: Called Strike
0-1: Ball
1-1: Called Strike
1-2: Ground out 5-3 (Groundball, 56, EV 107.5 MPH)
Batting: RHB Cecil Fielder 0-0: Ball
1-0: Swinging Strike
1-1: Ball
2-1: Foul Ball, location: 2F
2-2: Ball
3-2: Foul Ball, location: 2F
3-2: Strikes out swinging
Top of the 6th over - 0 runs, 0 hits, 0 errors, 0 left on base; Oklahoma City 2 - Omaha 6
BOTTOM OF THE 6TH
Omaha Storm Chasers batting - Pitching for Oklahoma City 89ers : RHP Freddy Guerrero
Batting: RHB Mike Allport 0-0: Called Strike
0-1: Ball
1-1: Foul Ball, location: 2F
1-2: Strikes out looking
Batting: RHB Odie Davis 0-0: Ball
1-0: Called Strike
1-1: Called Strike
1-2: Ball
2-2: Ground out U3 (Groundball, 34, EV 93.8 MPH)
Batting: RHB Jay Schellin 0-0: Foul Ball, location: 2F
0-1: Fly out, F3 (Popup, 23F, EV 79.4 MPH)
Bottom of the 6th over - 0 runs, 0 hits, 0 errors, 0 left on base; Oklahoma City 2 - Omaha 6
TOP OF THE 7TH
Oklahoma City 89ers batting - Pitching for Omaha Storm Chasers : LHP Neal Heaton
Batting: RHB Glenn Braggs 0-0: Ball
1-0: SINGLE (Line Drive, 4MD, EV 100.0 MPH)
Batting: LHB Tom O'Malley 0-0: Foul Ball, location: 2F
0-1: Ball
1-1: Ground out 3-1 (Groundball, 34S, EV 78.1 MPH)
Glenn Braggs to second
Batting: RHB Nick Esasky 0-0: Ball
1-0: Swinging Strike
1-1: Ball
2-1: Fly out, F4 (Flyball, 4D, EV 87.5 MPH)
Batting: RHB Joe Redfield 0-0: Foul Ball, location: 2F
0-1: Swinging Strike
0-2: Foul Ball, location: 2F
0-2: Strikes out looking
Top of the 7th over - 0 runs, 1 hit, 0 errors, 1 left on base; Oklahoma City 2 - Omaha 6
BOTTOM OF THE 7TH
Omaha Storm Chasers batting - Pitching for Oklahoma City 89ers : RHP Freddy Guerrero
Batting: SHB Rafael Landestoy 0-0: Called Strike
0-1: Ball
1-1: Ball
2-1: Ball
3-1: Base on Balls
Pitching: RHP Gilberto Mendoza
Batting: RHB Don Money 0-0: Foul Ball, location: 2F
0-1: Fly out, F7 (Flyball, 7S, EV 94.4 MPH)
Batting: LHB Mike LaValliere 0-0: Grounds into double play, 5-4-3 (Groundball, 5S, EV 84.4 MPH)
Bottom of the 7th over - 0 runs, 0 hits, 0 errors, 0 left on base; Oklahoma City 2 - Omaha 6
TOP OF THE 8TH
Oklahoma City 89ers batting - Pitching for Omaha Storm Chasers : LHP Neal Heaton
Batting: RHB Danny Jasso 0-0: Ball
1-0: Ground out 6-3 (Groundball, 6, EV 85.6 MPH)
Batting: RHB Ron Tingley 0-0: Called Strike
0-1: Called Strike
0-2: Ball
1-2: Strikes out swinging
Batting: RHB John Christensen 0-0: Ball
1-0: Foul Ball, location: 2F
1-1: Ball
2-1: Foul Ball, location: 2F
2-2: Fly out, F8 (Flyball, 89XD, EV 85.6 MPH)
Top of the 8th over - 0 runs, 0 hits, 0 errors, 0 left on base; Oklahoma City 2 - Omaha 6
BOTTOM OF THE 8TH
Omaha Storm Chasers batting - Pitching for Oklahoma City 89ers : RHP Gilberto Mendoza
Batting: RHB Eddie Gates 0-0: Ball
1-0: Ball
2-0: Ball
3-0: Called Strike
3-1: Swinging Strike
3-2: SINGLE (Line Drive, 7S, EV 96.3 MPH)
Batting: LHB Donald Elliott 0-0: Bunt missed!
0-1: Bunt missed!
0-2: Ball
1-2: Foul Ball, location: 2F
1-2: Foul Ball, location: 2F
1-2: Foul Ball, location: 2F
1-2: Fly out, F8 (Flyball, 8LD, EV 93.8 MPH)
Batting: SHB Larry Bowa 0-0: Ball
Eddie Gates steals 2nd, throwing error, E2
Eddie Gates to third
1-0: Intentional Walk
Batting: RHB Mike Allport 0-0: Called Strike
Larry Bowa steals 2nd base
0-1: Ball
1-1: Ball
2-1: Ball
3-1: Base on Balls
Batting: RHB Odie Davis 0-0: Grounds into fielders choice 3-2 (Groundball, 34S, EV 85.0 MPH)
Larry Bowa to third
Mike Allport to second
Batting: RHB Jay Schellin 0-0: Ball
Wild Pitch!
Larry Bowa scores
Mike Allport to third
Odie Davis to second
1-0: Swinging Strike
1-1: Foul Ball, location: 2F
1-2: Strikes out swinging
Bottom of the 8th over - 1 run, 1 hit, 1 error, 2 left on base; Oklahoma City 2 - Omaha 7
TOP OF THE 9TH
Oklahoma City 89ers batting - Pitching for Omaha Storm Chasers : LHP Neal Heaton
Batting: RHB Tim Tolman 0-0: Fly out, F2 (Popup, 23F, EV 80.0 MPH)
Batting: RHB Cecil Fielder 0-0: Fly out, F8 (Flyball, 8RS, EV 91.3 MPH)
Batting: RHB Glenn Braggs 0-0: Swinging Strike
0-1: Swinging Strike
0-2: Foul Ball, location: 2F
0-2: Strikes out swinging
Top of the 9th over - 0 runs, 0 hits, 0 errors, 0 left on base; Oklahoma City 2 - Omaha 7
Monday, August 17th, 2020 - OOTP Baseball 21.5 Build 76